AoeStats
← AlibekYes

Lombardia

509571664Analyzed
2v2 RM · 5d ago on Sep 27, 2026· 34m 40s· 4 players
Game mode
Random Map
Map size
Medium (4 player)
Population
200
Speed
Normal
Resources
Standard
Victory
Conquest
Starting age
Dark Age
Ending age
Imperial Age
RankedLock teamsTeams togetherTeam positionsShared explorationLock speedFull tech treeHidden civsTurbo modeCheats
Victory
Defeat
🇨🇿 Maya · Czechia
1195
+15
🇵🇱 Danes · Poland
1193
+15
🇰🇿 Britons · Kazakhstan
1199
-15
🇰🇿 Saracens · Kazakhstan
1165
-15
AlibekYes
8:52 Feudal Age
11:19 Fletching
19:08 Castle Age
17:53 Double-Bit Axe
19:13 Crossbowman
20:25 Bodkin Arrow
23:01 Ballistics
24:27 Padded Archer Armor
32:07 Leather Archer Armor
Element
9:38 Loom
11:47 Feudal Age
17:28 Double-Bit Axe
21:10 Castle Age
20:04 Stone Mining
22:34 Horse Collar
26:41 Fletching
29:34 Husbandry
34:18 Bow Saw
34:11 Heavy Plow
Diablo
0:26 Loom
10:19 Feudal Age
10:57 Double-Bit Axe
14:17 Town Watch
15:52 Padded Archer Armor
15:44 Fletching
21:18 Castle Age
19:40 Padded Archer Armor
20:46 Gold Mining
20:39 Horse Collar
21:33 Crossbowman
22:31 Bodkin Arrow
23:56 Bow Saw
25:29 Leather Archer Armor
28:07 Stone Mining
30:08 Elite Skirmisher
31:44 Wheelbarrow
32:52 Ballistics
34:28 Thumb Ring
Wiđukind von Westfal
6:03 Loom
9:38 Feudal Age
9:53 Man-at-Arms
10:23 Double-Bit Axe
19:50 Castle Age
19:28 Scale Mail Armor
19:12 Horse Collar
19:25 Gold Mining
20:21 Forging
20:47 Chain Mail Armor
20:55 Bow Saw
22:26 Wheelbarrow
21:47 Gambesons
22:05 Squires
23:01 Bow Saw
23:02 Arson
25:30 Town Watch
26:48 Heavy Plow
28:13 Stone Mining
28:59 Gold Shaft Mining
30:28 Stone Shaft Mining
32:45 Hand Cart
35:03 Imperial Age
Connection lost

Rejoining the realm…

Still unreachable

The connection could not be restored.

Session expired

The server has moved on; the page needs a fresh start.